 Dungeon Crawl Stone Soup version 0.30-a0-722-g3e6e8c874d (webtiles) character file.

Game seed: 10766302167442278639

14539 Newt the Slicer (level 11, -9/81 HPs)
             Began as a Demonspawn Gladiator on Jan 27, 2023.
             Was a Follower of Dithmenos.
             Mangled by a yak (14 damage)
             ... on level 8 of the Dungeon.
             The game lasted 00:12:48 (9020 turns).

Newt the Slicer (Demonspawn Gladiator)              Turns: 9020, Time: 00:12:49

Health: -9/81      AC:  3    Str: 21    XL:     11   Next: 90%
Magic:  18/18      EV: 22    Int:  8    God:    Dithmenos [*.....]
Gold:   268        SH:  5    Dex: 25    Spells: 19/19 levels left

rFire   + + .      SeeInvis .    a - +11 short sword of Jianiw {venom, rF+ Dex+3}
rCold   + . .      Faith    .    (no shield)
rNeg    . . .      Spirit   .    l - +0 leather armour
rPois   .          Reflect  +    (helmet restricted)
rElec   .          Harm     +    K - scarf {harm}
rCorr   .          Rampage  .    (no gloves)
Will    .....                    (no boots)
Stlth   +++++++                  s - amulet of reflection
HPRegen 0.33/turn                v - +6 ring of strength
MPRegen 0.16/turn                G - ring "Hevy" {Fly rF+ Dex+4 Stlth+}

@: agile, flying, wreathed by umbra
A: horns 1, thin skeletal structure 1, powered by pain 2, demonic magic 2, cold
resistance 1, dopey 1, weak 1
a: Renounce Religion


You were on level 8 of the Dungeon.
You worshipped Dithmenos.
Dithmenos was aware of your devotion.
You visited 2 branches of the dungeon, and saw 10 of its levels.
You also visited: Bailey.

You collected 493 gold pieces.
You spent 225 gold pieces at shops.

Inventory:

Hand Weapons
 a - the +11 short sword of Jianiw (weapon) {venom, rF+ Dex+3}
   (You found it on level 2 of the Dungeon)

   Dex:       It affects your dexterity (+3).
   rF:        It protects you from fire.
 b - the +10 short sword of Shrinking Evisceration {heavy, *Rage rPois rF+ rCorr}
   (You took it off a goblin on level 2 of the Dungeon)

   rF:        It protects you from fire.
   rPois:     It protects you from poison.
   *Rage:     It berserks you when you make melee attacks (+20% chance).
   rCorr:     It protects you from acid and corrosion.
 q - a +1 rapier of draining
 H - the +9 war axe "Wysauqirig" {protect, rElec rPois}
   (You found it in a bailey)

   rElec:     It insulates you from electricity.
   rPois:     It protects you from poison.
Missiles
 d - 2 throwing nets (quivered)
 e - a javelin
 J - 18 poisoned darts
 M - 14 boomerangs
Armour
 c - a +0 helmet
 l - a +0 leather armour (worn)
 p - a +0 cloak
 K - a scarf of harm (worn)
Jewellery
 s - an amulet of reflection (around neck)
 v - a +6 ring of strength (left hand)
 w - a ring of fire
 G - the ring "Hevy" (right hand) {Fly rF+ Dex+4 Stlth+}
   (You acquired it on level 8 of the Dungeon)

   [ring of flight]

   Dex:       It affects your dexterity (+4).
   rF:        It protects you from fire.
   Fly:       It grants you flight.
   Stlth:     It makes you more stealthy.
 R - a ring of magical power
Wands
 x - a wand of polymorph (4)
 A - a wand of flame (5)
 D - a wand of digging (6)
 S - a wand of roots (18)
Scrolls
 i - 3 scrolls of fog
 o - 2 scrolls of vulnerability
 r - a scroll of poison
 t - 3 scrolls of teleportation
 u - a scroll of enchant armour
 y - 3 scrolls of magic mapping
 z - a scroll of immolation
 B - a scroll of brand weapon
 C - 3 scrolls of enchant weapon
 E - a scroll of silence {unknown}
 F - a scroll of noise {unknown}
 L - a scroll of torment {unknown}
 N - 2 scrolls of fear
 O - a scroll of butterflies {unknown}
 Q - 2 scrolls of blinking {unknown}
Potions
 f - 4 potions of mutation
 g - 2 potions of curing
 h - 2 potions of heal wounds
 j - 3 potions of magic
 k - 2 potions of lignification
 m - 7 potions of degeneration
 n - 2 potions of ambrosia
 I - a potion of attraction
 P - a potion of cancellation
 T - a potion of berserk rage {unknown}


   Skills:
 - Level 6.0 Fighting
 - Level 12.7 Short Blades
 - Level 1.7 Throwing
 - Level 7.0 Dodging
 - Level 6.0 Stealth
 + Level 4.8 Spellcasting
 - Level 6.0 Evocations


You had 19 spell levels left.
You didn't know any spells.
Your spell library contained the following spells:

 Spells                   Type           Power      Damage    Failure   Level
 Hailstorm                Conj/Ice       1%         3d3       67%         3
 Inner Flame              Hex/Fire       1%         N/A       67%         3
 Summon Guardian Golem    Hex/Summ       1%         N/A       67%         3
 Vhi's Electric Charge    Tloc/Air       2%         N/A       67%         3
 Flame Wave               Conj/Fire      1%         2d4       97%         4
 Ice Form                 Ice/Tmut       1%         N/A       97%         4
 Sticky Flame             Conj/Fire      1%         2d3       97%         4
 Arcjolt                  Conj/Air       0%         1d10      100%        5
 Summon Forest            Summ/Tloc      0%         N/A       100%        5
 Summon Mana Viper        Hex/Summ       1%         N/A       100%        5
 Simulacrum               Ice/Necr       0%         N/A       100%        6
 Summon Cactus Giant      Summ           0%         N/A       100%        6
 Orb of Destruction       Conj           0%         9d5       100%        7
 Spellforged Servitor     Conj/Summ      0%         N/A       100%        7
 Maxwell's Capacitive Co  Air            0%         ∞         100%        8


Dungeon Overview and Level Annotations

Branches:
Dungeon (9/15)             Temple (1/1) D:7          Bailey (visited)
   Lair: D:8-11         Orc: D:9-12

Altars:
Ashenzari
Cheibriados
Dithmenos
Fedhas
Gozag
Hepliaklqana
Makhleb
Nemelex Xobeh
Okawaru
Ru
Sif Muna
Trog
Uskayaw
Vehumet
Wu Jian
Xom
Yredelemnul

Shops:
D:3 (   D:7 (*   D:8 ?:


Innate Abilities, Weirdness & Mutations

You have a pair of small horns on your head.
You have a somewhat thin skeletal structure. (Dex +2, Stealth+)
You sometimes gain power by taking damage.
Spells you cast may paralyse nearby enemies.
Your flesh is cold resistant. (rC+)
You are dopey. (Int -2)
You are weak. (Str -2)


Message History

You fly upwards.
There is a stone staircase leading down here.
You hit the wyvern.
The wyvern is poisoned.
You headbutt the wyvern, but do no damage.
The wyvern is moderately wounded.
The wyvern bites you! The yak completely misses you.
You hit the wyvern.
The wyvern looks as sick as possible!
You punch the wyvern.
The wyvern is severely wounded.
The wyvern closely misses you.
You barely miss the wyvern.
The wyvern is severely wounded.
The yak misses you.
You hit the yak but do no damage.
The yak is poisoned.
You headbutt the yak!
The yak is moderately wounded.
The wyvern bites you.
You puncture the yak!
The yak looks as sick as possible!
You headbutt the yak.
The yak is heavily wounded.
The wyvern barely misses you. The yak closely misses you.
You puncture the yak!
The yak looks as sick as possible!
The yak is almost dead.
The wyvern misses you.
You puncture the yak!
You kill the yak!
Dithmenos accepts your kill.
You hit the yak but do no damage.
The yak is poisoned.
The wyvern misses you.
You puncture the yak!
The yak looks as sick as possible!
You headbutt the yak, but do no damage.
The yak is moderately wounded.
The wyvern bites you!
* * * LOW HITPOINT WARNING * * *
The yak gores you.
* * * LOW HITPOINT WARNING * * *
You hit the yak.
The yak looks as sick as possible!
The yak is heavily wounded.
You hit the yak. Your headbutt misses the yak.
The yak is severely wounded.
The wyvern bites you!
* * * LOW HITPOINT WARNING * * *
The yak gores you!
You die...

...#### #≈≈≈.≈≈≈.# #)~#####~.
#### ##≈≈.≈≈..# #.~)~~≈≈~.
.#.# ##.#..#.# #.)..)....
.#.# #.##.#.# ##.####### .#.#
#.##.#.######.### .#.#
#.##.#..........# .#.#
#.............#.#
##.########################.#
#.............l@Y..........#
#.#######################..#
#.#..................# #..#
####.########....####.# #..#
...#.#...........# #.####..#
##.#.#.#######(#.####.......#
...#...# #.#............#
##.#.### #.#.############
##### #####


You could see a yak (extremely poisoned) and a wyvern (very poisoned).

Vanquished Creatures
  An orc warlord (Bailey)
  A centaur warrior (D:7)
  A two-headed ogre (D:5)
  A cyclops (D:7)
  Maggie (D:8)
  Grinder (D:4)
  2 hornets (D:8)
  A slime creature (D:7)
  Eustachio (D:4)
  7 yaks
  A steam dragon (D:8)
  Menkaure (D:7)
  A water moccasin (D:6)
  An ice beast (D:7)
  2 sky beasts
  4 orc warriors
  5 black bears
  2 ogres
  2 centaurs
  2 phantoms
  2 kobold brigands
  3 bullfrogs
  3 gnoll sergeants (D:7)
  A necrophage (D:7)
  3 scorpions
  A wight (D:7)
  3 killer bees (D:7)
  3 howler monkeys (D:8)
  3 jellies
  A gnoll bouda (D:6)
  4 orc priests
  4 hounds
  Jessica (D:2)
  Terence (D:2)
  4 orc wizards
  22 gnolls
  7 adders
  A shadow imp (D:8)
  A white imp (D:6)
  2 ufetubi (D:7)
  4 worms
  6 dart slugs
  20 orcs
  3 bats
  7 endoplasms
  15 giant cockroaches
  12 goblins
  8 hobgoblins
  4 jackals (D:3)
  2 quokkas
  2 ball pythons
  6 frilled lizards
  20 kobolds
  7 rats
224 creatures vanquished.

Notes
Turn   | Place    | Note
-------+----------+-------------------------------------------
     0 | D:1      | Newt the Demonspawn Gladiator began the quest for the Orb.
     0 | D:1      | Reached XP level 1. HP: 16/16 MP: 1/1
    41 | D:1      | Reached skill level 1 in Stealth
   235 | D:1      | Gained mutation: Spells you cast may paralyse adjacent
                  | enemies. [demonic ancestry]
   235 | D:1      | Reached XP level 2. HP: 22/22 MP: 2/2
   623 | D:1      | Found a faded altar of an unknown god.
  1031 | D:2      | Reached XP level 3. HP: 26/28 MP: 3/3
  1439 | D:2      | Noticed Jessica
  1447 | D:2      | Killed Jessica
  1448 | D:2      | Gained mutation: You have a pair of small horns on your
                  | head. [demonic ancestry]
  1448 | D:2      | Reached XP level 4. HP: 37/37 MP: 4/4
  1505 | D:2      | Identified the +10 short sword of Shrinking Evisceration
                  | {heavy, *Rage rPois rF+ rCorr}
  1524 | D:2      | Noticed Terence
  1545 | D:2      | Killed Terence
  1546 | D:2      | Reached skill level 3 in Short Blades
  1867 | D:2      | Identified the +11 short sword of Jianiw {venom, rF+ Dex+3}
  1924 | D:2      | Reached XP level 5. HP: 42/42 MP: 5/5
  2236 | D:3      | Found Kyasyqae's Antique Weapon Boutique.
  2402 | D:3      | Gained mutation: You are weak. (Str -2) [potion of
                  | mutation]
  2402 | D:3      | Gained mutation: Your flesh is cold resistant. (rC+)
                  | [potion of mutation]
  2402 | D:3      | Gained mutation: You are dopey. (Int -2) [potion of
                  | mutation]
  2850 | D:3      | Reached skill level 4 in Short Blades
  3075 | D:4      | Noticed a phantom
  3083 | D:4      | Killed a phantom
  3084 | D:4      | Gained mutation: Spells you cast may paralyse nearby
                  | enemies. [demonic ancestry]
  3084 | D:4      | Reached XP level 6. HP: 46/48 MP: 6/6
  3197 | D:4      | Found a blossoming altar of Fedhas.
  3236 | D:4      | Reached skill level 5 in Short Blades
  3252 | D:4      | Noticed Grinder
  3264 | D:4      | Killed Grinder
  3265 | D:4      | Reached skill level 6 in Short Blades
  3265 | D:4      | Gained mutation: You sometimes gain a little power by
                  | taking damage. [demonic ancestry]
  3265 | D:4      | Reached XP level 7. HP: 31/54 MP: 7/7
  3627 | D:4      | Noticed Eustachio
  3654 | D:4      | Killed Eustachio
  3655 | D:4      | Reached skill level 7 in Short Blades
  3986 | D:5      | Entered Level 5 of the Dungeon
  4247 | D:5      | Reached XP level 8. HP: 60/60 MP: 8/8
  4319 | D:5      | Noticed a two-headed ogre
  4333 | D:5      | Killed a two-headed ogre
  4334 | D:5      | Reached skill level 8 in Short Blades
  4334 | D:5      | Reached skill level 5 in Stealth
  4805 | D:6      | Reached skill level 5 in Fighting
  4805 | D:6      | Reached XP level 9. HP: 64/68 MP: 9/9
  5250 | D:7      | Found Niokulo's Weapon Boutique.
  5271 | D:7      | Reached skill level 1 in Evocations
  6102 | D:7      | Noticed a cyclops
  6102 | D:7      | Noticed a centaur warrior
  6111 | D:7      | Killed a cyclops
  6112 | D:7      | Reached skill level 5 in Evocations
  6121 | D:7      | Killed a centaur warrior
  6122 | D:7      | Reached skill level 5 in Dodging
  6397 | D:7      | Gained mutation: You have a somewhat thin skeletal
                  | structure. (Dex +2, Stealth+) [demonic ancestry]
  6397 | D:7      | Reached XP level 10. HP: 40/76 MP: 10/10
  6889 | D:7      | Found a staircase to the Ecumenical Temple.
  6902 | Temple   | Entered the Ecumenical Temple
  6991 | Temple   | Became a worshipper of Dithmenos the Shadowed
  7111 | D:7      | Noticed Menkaure
  7119 | D:7      | Killed Menkaure
  7257 | D:7      | Found Rowkism's Neck Hole.
  7273 | D:7      | Bought a scarf of harm for 135 gold pieces
  7378 | D:8      | Found Fiomesucot's Self-Improvement Boutique.
  7439 | D:8      | Found Ucreyfu's Magic Scroll Shoppe.
  7460 | D:8      | Bought a scroll of identify for 30 gold pieces
  7460 | D:8      | Bought a scroll of identify for 30 gold pieces
  7460 | D:8      | Bought a scroll of identify for 30 gold pieces
  7461 | D:8      | Reached skill level 9 in Short Blades
  7543 | D:8      | Found an iron altar of Okawaru.
  7612 | D:8      | Found a flagged portal.
  7621 | Bailey   | Entered a bailey
  7661 | Bailey   | Noticed an orc warlord
  7728 | Bailey   | Reached * piety under Dithmenos
  7792 | Bailey   | Found a runed translucent gate.
  7792 | Bailey   | Found a runed translucent gate.
  7792 | Bailey   | Found a runed translucent gate.
  8003 | Bailey   | Reached skill level 12 in Short Blades
  8003 | Bailey   | Gained mutation: You sometimes gain power by taking damage.
                  | [demonic ancestry]
  8003 | Bailey   | Reached XP level 11. HP: 81/81 MP: 11/11
  8032 | Bailey   | Killed an orc warlord
  8047 | Bailey   | Identified the +9 war axe "Wysauqirig" {protect, rElec
                  | rPois}
  8070 | D:8      | Acquired the ring "Hevy" {Fly rF+ Dex+4 Stlth+}
  8106 | D:8      | Noticed Maggie
  8113 | D:8      | Killed Maggie
  8408 | D:8      | Found a shimmering altar of Xom.
  9020 | D:8      | Mangled by a yak

Illustrated notes

Levels and vault maps discovered:
D:1:      spicycebolla_green_bress_n_ham_2, layout_loops_corners, serial_forest,
          infiniplex_forest_end_1, infiniplex_forest_clump_cross,
          infiniplex_forest_straight_4, infiniplex_forest_straight_3,
          infiniplex_forest_lined_corner, infiniplex_forest_lined_2,
          infiniplex_forest_clump_small, infiniplex_forest_fountain,
          infiniplex_forest_clump_curved, shapermc_ecumenical_altar_acropolis,
          chequers_hall_statues_corner_a, st_stairs_2
D:2:      minmay_roachtagon, layout_rooms, uniq_terence, uniq_jessica
D:3:      layout_loops_corners, serial_shops, nicolae_diamond_shop
D:4:      layout_loops_cross, mainiacjoe_overflow_cross_hatched,
          palyth_stone_intersect, uniq_grinder, uniq_eustachio
D:5:      layout_basic
D:6:      layout_cave_pools
D:7:      nzn_winding_woodlands_small [nzn_winding_woodlands_5x15_parted,
          nzn_winding_woodlands_center_lodge,
          nzn_winding_woodlands_5x15_pockets], layout_rooms,
          minmay_temple_entry_tees, nicolae_stop_n_shop_1,
          kennysheep_nondescript, nicolae_shop_sticking_my_neck_out,
          uniq_menkaure
D:8:      layout_basic, okawaru_ov_weapons_minmay,
          mainiacjoe_overflow_big_doors, enter_bailey_3, serial_shops,
          kennysheep_little_box, nicolae_shop_self_help, uniq_maggie
D:9:      layout_rooms, erik_lair_dragon, hangedman_minor_magic
Temple:   nicolae_temple_bog_church

Skill      XL: |  1  2  3  4  5  6  7  8  9 10 11 |
---------------+----------------------------------+-----
Stealth        | 1 2 6 |  6.0
Fighting       | 3 4 5 6 |  6.0
Short Blades   | 3 4 6 7 8 12 | 12.7
Dodging        | 3 4 6 7 |  7.0
Evocations     | 6 |  6.0
Spellcasting   | 4 |  4.8
Throwing       | |  1.7

Action                     |  1- 3 |  4- 6 |  7- 9 | 10-12 || total
---------------------------+-------+-------+-------+-------++-------
  Melee: Rapier            |   124 |     9 |       |       ||   133
         Punch             |     1 |       |     2 |     2 ||     5
         Short sword       |       |    83 |   193 |   198 ||   474
         Headbutt          |       |    15 |    45 |    33 ||    93
  Throw: Throwing net      |       |     1 |     3 |     2 ||     6
         Javelin           |       |       |     1 |       ||     1
         Dart              |       |       |       |     1 ||     1
  Evoke: Wand              |       |       |     3 |       ||     3
    Use: Scroll            |     3 |     5 |     4 |     6 ||    18
         Potion            |       |     4 |     5 |     5 ||    14
   Stab: Sleeping          |     3 |     3 |     5 |     4 ||    15
         Held in net/web   |       |       |     1 |     3 ||     4
         Distracted        |       |       |       |     2 ||     2
 Armour: Leather armour    |    33 |    19 |    22 |    15 ||    89
  Dodge: Dodged            |    74 |    53 |    98 |   105 ||   330
  Block: Other             |       |     8 |    37 |    38 ||    83
         Reflection        |       |       |     2 |     2 ||     4

Table legend: (Time is in decaauts)
 A = Elapsed time spent in this place.
 B = Non-inter-level travel time spent in this place.
 C = Inter-level travel time spent in this place.
 D = Time resting spent in this place.
 E = Time spent auto-exploring this place.
 F = Levels seen in this place.
 G = Mean time per level.
                   A        B        C        D        E       F      G
               +--------+--------+--------+--------+--------+-----+--------+
         Total |   8889 |   8665 |    224 |   2184 |   4929 |  11 |  808.1 |
       Dungeon |   8352 |   8166 |    186 |   2131 |   4653 |   9 |  928.0 |
        Temple |    114 |     76 |     38 |      0 |     64 |   1 |  114.0 |
        Bailey |    423 |    423 |      0 |     53 |    211 |   1 |  423.0 |
               +--------+--------+--------+--------+--------+-----+--------+

Top non-repeatable levels by time:
     D:7: 1931 daAuts
     D:2: 1234 daAuts
     D:8: 1152 daAuts
     D:1: 1024 daAuts
     D:4: 921 daAuts
     D:3: 815 daAuts
     D:5: 746 daAuts
     D:6: 484 daAuts
  Bailey: 423 daAuts
  Temple: 114 daAuts
     D:9: 42 daAuts
